 Dungeon Crawl Stone Soup version 0.26.1-10-gdfb7c7de75 (webtiles) character file.

Game seed: 6636696189351547759

3147 MajorAdolf the Skirmisher (level 9, -2/85 HPs)
             Began as a Naga Wanderer on Apr 3, 2021.
             Was an Initiate of Gozag.
             Slain by a lemure (6 damage)
             ... led by Pikel
             ... on level 7 of the Dungeon.
             The game lasted 00:16:17 (12836 turns).

MajorAdolf the Skirmisher (Naga Wanderer)          Turns: 12836, Time: 00:16:17

Health: -2/85      AC:  6    Str: 16    XL:     9   Next: 93%
Magic:  14/14      EV:  8    Int: 12    God:    Gozag
Gold:   891        SH: 13    Dex: 13    Spells: 12/15 levels left

rFire    . . .     SeeInvis +   A - +4 hand axe
rCold    . . .     Faith    .   b - +0 tower shield
rNeg     . . .     Spirit   .   e - +1 robe
rPois    +         Reflect  .   a - +0 helmet (curse)
rElec    .         Harm     .   (no cloak)
rCorr    .         Rampage  .   (no gloves)
Will     +....                  (no barding)
Stlth    +++.......             (no amulet)
HPRegen  0.24/turn              h - +4 ring of slaying
MPRegen  0.14/turn              f - ring of stealth

@: gold aura, very slow
A: large, see invisible, deformed body, poison resistance, slowness 2, spit
poison 1, AC +3
a: Spit Poison, Renounce Religion, Potion Petition, Call Merchant, Bribe Branch


You were on level 7 of the Dungeon.
You worshipped Gozag.
Gozag was pleased with you.
You visited 2 branches of the dungeon, and saw 9 of its levels.

You collected 985 gold pieces.
You paid 94 gold pieces to Gozag.

Inventory:

Hand Weapons
 A - a +4 hand axe (weapon)
Missiles
 c - 70 bolts
Armour
 a - a cursed +0 helmet (worn)
 b - a +0 tower shield (worn)
 e - a +1 robe (worn)
Jewellery
 f - a ring of stealth (right hand)
 h - a +4 ring of slaying (left hand)
 m - an uncursed ring of fire
 y - an uncursed ring of fire
Wands
 d - a wand of disintegration (13)
 g - a wand of acid (10)
Scrolls
 i - 3 scrolls of enchant armour
 j - a scroll of teleportation
 l - 3 scrolls of immolation {unknown}
 o - 2 scrolls of identify {unknown}
 p - 3 scrolls of amnesia {unknown}
 s - 2 scrolls of remove curse {unknown}
 v - a scroll of blinking {unknown}
 x - 2 scrolls of enchant weapon {unknown}
 z - a scroll of brand weapon {unknown}
Potions
 k - a potion of haste {unknown}
 n - 3 potions of magic {unknown}
 q - 3 potions of might {unknown}
 r - a potion of degeneration {unknown}
 t - a potion of ambrosia {unknown}
 u - a potion of flight {unknown}
 w - 3 potions of lignification {unknown}


   Skills:
 + Level 6.9 Fighting
 + Level 4.5 Axes
 - Level 1.0 Staves
 - Level 1.0 Bows
 + Level 3.8 Armour
 + Level 4.0 Dodging
 - Level 3.0 Stealth
 * Level 4.2 Shields
 + Level 3.8 Spellcasting
 + Level 4.2 Transmutations
 + Level 4.4 Evocations


You had 12 spell levels left.
You knew the following spells:

 Your Spells              Type           Power        Failure   Level
a - Beastly Appendage     Tmut           24%          38%         1
b - Wereblood             Tmut           12%          52%         2

Your spell library contained the following spells:

 Spells                   Type           Power        Failure   Level
 Spider Form              Tmut/Pois      3%           96%         3
 Ice Form                 Ice/Tmut       7%           100%        4
 Blade Hands              Tmut           6%           100%        5


Dungeon Overview and Level Annotations

Branches:
Dungeon (8/15)             Temple (1/1) D:5
   Lair: D:8-11

Altars:
Ashenzari
Cheibriados
Dithmenos
Elyvilon
Fedhas
Gozag
Hepliaklqana
Kikubaaqudgha
Makhleb
Nemelex Xobeh
Okawaru
Qazlal
Ru
Sif Muna
Trog
Uskayaw
Vehumet
Wu Jian
Xom
Yredelemnul
Zin
The Shining One

Annotations:
D:7 exclusion: 4 doors, Pikel


Innate Abilities, Weirdness & Mutations

You cannot wear boots.
Your serpentine skin is tough. (AC +3)
You have supernaturally acute eyesight. (SInv)
Armour fits poorly on your strangely shaped body.
Your system is resistant to poisons. (rPois)
You cover ground very slowly.
You can spit poison.


Message History

You hit Pikel but do no damage.
Pikel is almost dead.
You slash the lemure!
You hit the lemure. x2; You block the lemure's attack. x2
Pikel hits you with a +0 whip of freezing.
* * * LOW HITPOINT WARNING * * *
Pikel freezes you.
* * * LOW HITPOINT WARNING * * *
The lemure hits you!
* * * LOW HITPOINT WARNING * * *
Unknown command.
You hit Pikel.
Pikel is almost dead.
You hit the lemure. You completely miss the lemure. You hit the lemure.
You block the lemure's attack.
The lemure becomes distracted by the nearby gold, dreaming of imaginary riches.
Pikel barely misses you. The lemure hits you!
* * * LOW HITPOINT WARNING * * *
The lemure hits you.
You die...
Your body crumbles into a pile of gold.

.........#
#V.#.
........# #.#
.......# #.#.
......+ '.#O#
#.....# #.##.#
.#####...h.#
$# ##
#......hY5Y#
#......Y55K#
#.......#@5##
#.......#...#
#########...#
##..#
######..## #
#........# J
#........## #
#.........## .
#..........###
##


You could see Pikel, 3 yaks, 4 lemures and 2 jackals.

Vanquished Creatures
  A yak (D:7)
  Menkaure (D:7)
  An orc warrior (D:8)
  2 ice beasts
  4 sky beasts
  A black bear (D:7)
  4 ogres
  A centaur (D:8)
  A bullfrog (D:6)
  A gnoll sergeant (D:4)
  4 scorpions
  4 wights (D:6)
  7 killer bees (D:8)
  2 howler monkeys
  A bullfrog zombie (D:8)
  A centaur zombie (D:8)
  3 jellies
  2 hounds
  2 orc wizards
  A centaur skeleton (D:7)
  Jessica (D:3)
  2 iguanas
  3 worker ants
  A killer bee zombie (D:7)
  A hound zombie (D:7)
  A hound skeleton (D:6)
  A howler monkey zombie (D:7)
  2 worker ant zombies (D:8)
  8 adders
  5 gnolls
  2 howler monkey skeletons
  4 white imps
  5 ufetubi
  An ooze (D:1)
  An adder skeleton (D:5)
  3 worms (D:3)
  4 dart slugs
  6 leopard geckos
  19 orcs
  9 giant cockroaches
  8 goblins
  A hobgoblin (D:3)
  17 jackals
  5 quokkas
  3 ball pythons
  5 bats
  5 frilled lizards
  A jackal skeleton (D:6)
  7 kobolds
  A leopard gecko skeleton (D:4)
  9 rats
185 creatures vanquished.

Notes
Turn   | Place    | Note
-------+----------+-------------------------------------------
     0 | D:1      | MajorAdolf the Naga Wanderer began the quest for the Orb.
     0 | D:1      | MajorAdolf set off with the following items: a +2
                  | quarterstaff, a +0 hand crossbow, 28 bolts, a potion of
                  | curing, a +0 robe, a +0 dagger
     0 | D:1      | Reached XP level 1. HP: 25/25 MP: 1/1
   305 | D:1      | Reached XP level 2. HP: 32/32 MP: 2/2
   446 | D:1      | Reached XP level 3. HP: 29/39 MP: 3/3
   452 | D:1      | Reached skill level 1 in Evocations
   739 | D:1      | You fall into a shaft and drop 1 floor!
   897 | D:1      | Reached skill level 1 in Armour
  1223 | D:2      | Reached skill level 1 in Axes
  1223 | D:2      | Reached XP level 4. HP: 24/46 MP: 4/4
  1551 | D:2      | Found an opulent altar of Gozag.
  1757 | D:3      | Learned a level 1 spell: Beastly Appendage
  1760 | D:3      | Learned a level 2 spell: Wereblood
  1783 | D:3      | Reached skill level 1 in Shields
  1879 | D:3      | Found a blossoming altar of Fedhas.
  1884 | D:3      | Noticed Jessica
  1893 | D:3      | Killed Jessica
  1894 | D:3      | Reached XP level 5. HP: 49/52 MP: 3/5
  2282 | D:3      | Reached skill level 1 in Spellcasting
  3157 | D:4      | Reached skill level 1 in Transmutations
  3157 | D:4      | Reached XP level 6. HP: 38/61 MP: 5/7
  4466 | D:5      | Entered Level 5 of the Dungeon
  4882 | D:4      | Reached XP level 7. HP: 57/68 MP: 7/9
  6727 | D:5      | Found a sparkling altar of Nemelex Xobeh.
  6743 | D:5      | Reached skill level 6 in Fighting
  6743 | D:5      | Reached XP level 8. HP: 67/76 MP: 11/11
  6820 | D:5      | Found a staircase to the Ecumenical Temple.
  6891 | Temple   | Entered the Ecumenical Temple
  7060 | Temple   | Became a worshipper of Gozag Ym Sagoz the Greedy
  7419 | D:5      | You fall into a shaft and drop 3 floors!
  7475 | D:8      | HP: 3/76 [killer bee (8)]
  9117 | D:8      | Noticed a death knight
  9199 | D:7      | Reached XP level 9. HP: 72/85 MP: 11/13
  9318 | D:7      | Noticed Menkaure
  9326 | D:7      | Killed Menkaure
 11647 | D:6      | HP: 2/85 [sky beast (6)]
 12813 | D:7      | Noticed Pikel
 12836 | D:7      | HP: 4/85 [lemure[Pikel] (8)]
 12836 | D:7      | Slain by a lemure

Illustrated notes

Levels and vault maps discovered:
D:1:      erik_arrival_blinker_ship, layout_basic, hangedman_glass_teeth,
          lemuel_another_geyser
D:2:      layout_rooms, grunt_gozag_breadcrumbs
D:3:      layout_basic, fedhas_altar_2, uniq_jessica
D:4:      layout_cave_pods, corexii_item_surrounded_by_moat,
          kennysheep_generic_room_5
D:5:      layout_loops_cross, overflow_temple_1_default,
          minmay_temple_entry_mist, minivault_27
D:6:      layout_loops_ring
D:7:      minmay_the_grid_plus_closed [minmay_the_grid_box_x,
          minmay_the_grid_rooms, minmay_the_grid_medium_cups,
          minmay_the_grid_embedded,
          minmay_the_grid_prize_four_corners_diamond_b], layout_basic,
          serial_curves, eino_curves_02, eino_curves_04, uniq_menkaure,
          uniq_pikel
D:8:      layout_basic
Temple:   kilobyte_greek_temple

Skill      XL: |  1  2  3  4  5  6  7  8  9 |
---------------+----------------------------+-----
Evocations     | 1 2 3 4 |  4.4
Armour         | 1 2 3 |  3.8
Axes           | 1 2 3 4 |  4.5
Shields        | 1 2 3 4 |  4.2
Dodging        | 2 3 4 |  4.0
Spellcasting   | 1 2 3 |  3.8
Transmutations | 1 2 3 4 |  4.2
Fighting       | 6 |  6.9
Staves         | |  1.0
Bows           | |  1.0
Stealth        | |  3.0

Action                   |  1- 3 |  4- 6 |  7- 9 || total
-------------------------+-------+-------+-------++-------
Melee: Quarterstaff      |    74 |   118 |   148 ||   340
       Headbutt          |       |    10 |    32 ||    42
       Spear             |       |       |    12 ||    12
       Hand axe          |       |       |   129 ||   129
 Cast: Beastly Appendage |       |    22 |    25 ||    47
       Wereblood         |       |       |     1 ||     1
 Abil: Spit Poison       |     1 |     4 |    22 ||    27
Evoke: Wand              |       |       |     1 ||     1
  Use: Scroll            |     2 |       |     3 ||     5
       Potion            |       |       |     4 ||     4
 Stab: Sleeping          |     7 |     6 |     9 ||    22
Armor: Robe              |    14 |    34 |    86 ||   134
Dodge: Dodged            |    45 |    92 |   216 ||   353
Block: Tower shield      |       |       |   101 ||   101
